Oilers vs Maple Leafs
Created - February 13, 2023 at 19:50
Goals
|
| Oilers |
1 |
0 |
1 |
2 |
| Maple Leafs |
0 |
1 |
2 |
3 |
|
Shots
|
| Oilers |
7 |
8 |
7 |
22 |
| Maple Leafs |
9 |
8 |
11 |
28 |
|
1st period
1. Oilers , Mark Stone 5 (Shea Weber 5, James Neal 11) at 2:23
Penalties :
Tobias Enstrom (Edm) for High sticking (Minor) at 5:50, Evander Kane (Edm) for Hooking (Minor) at 6:14, Braydon Coburn (TOR) for Hooking (Minor) at 15:29
2nd period
2. Maple Leafs , Brad Boyes 3 (Tye McGinn 8, Zach Werenski 16) at 17:30
Penalties :
James Neal (Edm) for Tripping (Minor) at 5:20, Haydn Fleury (TOR) for Hooking (Minor) at 13:03, David Pastrnak (Edm) for Hooking (Minor) at 18:03, Shea Weber (Edm) for Interference (Minor) at 18:06
3rd period
3. Maple Leafs , Matt Duchene 22 (Claude Giroux 26, Brayden Schenn 27) at 0:16
4. Oilers , Connor McDavid 22 (David Pastrnak 21, Evander Kane 19) at 7:14
5. Maple Leafs , Bo Horvat 9 (Chris Tierney 14, Matt Duchene 33) at 11:22
Penalties :
David Pastrnak (Edm) for High sticking (Minor) at 11:46, Braydon Coburn (TOR) for Holding (Minor) at 18:32
Goalie Stats
James Reimer (Edm), 25 saves from 28 shots - (0.893), L, 18-15-3, 60:00 minutes
Kristers Gudlevskis (TOR), 20 saves from 22 shots - (0.909), W, 23-8-3, 60:00 minutes
Players Stats for Oilers
Player Name G A P +/- PIM S H SB GA TA FO MP PP MP PK MP
------------------------------------------------------------------------------------
Anton Slepyshev 0 0 0 0 0 0 0 0 0 0 0/0 8:28 0:12 0:57
Brady Skjei 0 0 0 0 0 4 5 2 0 0 0/0 25:44 3:01 2:03
Cam Barker 0 0 0 0 0 2 3 1 0 2 0/0 24:52 3:01 3:37
Connor McDavid 1 0 1 1 0 4 3 0 2 1 2/9 18:08 3:12 1:10
David Pastrnak 0 1 1 0 4 0 0 2 0 0 2/2 17:01 3:12 0:03
Evander Kane 0 1 1 1 2 1 1 0 2 0 0/3 18:33 2:13 2:24
Jake Gardiner 0 0 0 0 0 1 1 4 1 1 0/0 26:46 2:24 4:46
James Neal 0 1 1 -1 2 0 1 0 0 0 0/0 9:11 0:00 0:00
Leon Draisaitl 0 0 0 0 0 3 1 0 1 0 0/1 20:34 3:00 1:41
Marcus Pettersson 0 0 0 -1 0 0 0 0 0 1 0/0 10:46 2:24 0:00
Mark Stone 1 0 1 -1 0 2 2 2 0 0 0/0 9:07 0:00 0:00
Patrice Bergeron 0 0 0 -2 0 1 1 0 0 0 3/9 13:58 0:00 4:40
Ryan Getzlaf 0 0 0 0 0 0 2 0 1 0 4/5 7:05 0:00 0:00
Ryan Nugent-Hopkins 0 0 0 0 0 1 5 0 0 0 11/26 19:19 2:13 1:08
Shea Weber 0 1 1 -2 2 0 1 0 0 0 0/0 14:00 0:00 3:29
Tobias Enstrom 0 0 0 0 2 0 2 1 0 1 0/0 18:04 0:00 2:53
Viktor Arvidsson 0 0 0 0 0 2 0 1 0 0 0/1 19:19 2:13 1:08
Zach Hyman 0 0 0 0 0 1 1 0 0 0 0/0 7:05 0:00 0:00
Players Stats for Maple Leafs
Player Name G A P +/- PIM S H SB GA TA FO MP PP MP PK MP
------------------------------------------------------------------------------------
Andre Burakovsky 0 0 0 -1 0 4 2 2 0 0 0/0 18:48 3:32 0:00
Bo Horvat 1 0 1 1 0 1 0 0 0 0 3/7 17:17 3:32 1:24
Brad Boyes 1 0 1 0 0 2 2 0 0 0 0/0 11:30 0:00 0:34
Brandon Saad 0 0 0 0 0 2 1 0 0 1 0/1 8:08 0:00 0:34
Brayden McNabb 0 0 0 0 0 0 2 0 0 0 0/0 12:34 0:00 1:47
Brayden Schenn 0 1 1 0 0 1 2 0 0 1 26/37 21:54 4:46 1:24
Braydon Coburn 0 0 0 0 4 0 2 1 0 0 0/0 19:51 3:01 0:18
Chris Tierney 0 1 1 1 0 0 0 0 0 0 0/0 12:13 0:05 0:00
Claude Giroux 0 1 1 0 0 6 1 0 0 0 5/8 23:51 4:51 3:27
Haydn Fleury 0 0 0 0 2 0 0 0 0 0 0/0 11:58 0:00 0:00
John Klingberg 0 0 0 1 0 1 0 0 0 2 0/0 27:44 5:22 3:20
Jon Merrill 0 0 0 1 0 2 1 3 1 2 0/0 27:44 5:22 3:20
Luke Adam 0 0 0 0 0 3 2 1 1 0 0/1 7:33 0:00 0:00
Matt Duchene 1 1 2 2 0 4 4 1 1 1 0/0 20:34 4:51 3:27
Patrice Cormier 0 0 0 0 0 0 0 0 1 0 0/2 10:44 0:00 0:00
Pontus Aberg 0 0 0 0 0 0 1 0 0 0 0/0 7:33 0:00 0:00
Tye McGinn 0 1 1 0 0 0 0 1 0 0 0/0 14:18 3:32 0:00
Zach Werenski 0 1 1 0 0 2 2 0 2 0 0/0 20:18 3:01 2:05
3 Stars
1 - Matt Duchene (TOR)
2 - Connor McDavid (Edm)
3 - Bo Horvat (TOR)
Power Play
Oilers - 0 on 3 Attempt(s) - 0.00%
Maple Leafs - 0 on 6 Attempt(s) - 0.00%
Penalty Kill
Oilers - 6 on 6 Attempt(s) - 100.00%
- Score 0 goal in Penalty Kill
Maple Leafs - 3 on 3 Attempt(s) - 100.00%
- Score 0 goal in Penalty Kill
Team Stat
Oilers - Hits : 29 - Faceoff Wins : 22 - Blocked Shots : 13 - Penalty Minutes : 12
Maple Leafs - Hits : 22 - Faceoff Wins : 34 - Blocked Shots : 9 - Penalty Minutes : 6
Official
Referees : Tim Peel and Chris Lee
Linesman : Pierre Racicot and Derek Nansen
Game Notes
No Game Note
Finance
Level 1 -- Attendance: 5532 (92.20%) -- Ticket Income $553,200
Level 2 -- Attendance: 4475 (89.50%) -- Ticket Income $268,500
Level 3 -- Attendance: 2000 (100.00%) -- Ticket Income $70,000
Level 4 -- Attendance: 4000 (100.00%) -- Ticket Income $100,000
Luxury Box -- Attendance: 943 (94.30%) -- Ticket Income $188,600
Game was played at the Scotiabank Arena.
Total Attendance: 16950 (94.17%)
Total Ticket Income: $1,180,300
Other Income: $177,045
Total Income: $1,357,345
Oilers
5 vs 5 Forward
Center Left Wing Right Wing Time % Phy DF OF
1 Ryan Nugent-Hopkins Leon Draisaitl Viktor Arvidsson 40 1 2 2
2 Connor McDavid Evander Kane David Pastrnak 30 1 2 2
3 Patrice Bergeron James Neal Mark Stone 20 1 2 2
4 Ryan Getzlaf Anton Slepyshev Zach Hyman 10 1 2 2
5 vs 5 Defense
Defense Defense Time % Phy DF OF
1 Brady Skjei Jake Gardiner 40 1 2 2
2 Cam Barker Tobias Enstrom 30 1 2 2
3 Shea Weber Marcus Pettersson 20 1 2 2
4 Cam Barker Shea Weber 10 1 2 2
PowerPlay Forward
Center Left Wing Right Wing Time % Phy DF OF
1 Connor McDavid Leon Draisaitl David Pastrnak 60 1 2 2
2 Ryan Nugent-Hopkins Evander Kane Viktor Arvidsson 40 1 2 2
PowerPlay Defense
Defense Defense Time % Phy DF OF
1 Brady Skjei Cam Barker 60 1 2 2
2 Marcus Pettersson Jake Gardiner 40 1 2 2
Penalty Kill 4 Players Forward
Center Wing Time % Phy DF OF
1 Patrice Bergeron Evander Kane 60 1 2 2
2 Ryan Nugent-Hopkins Viktor Arvidsson 40 1 2 2
Penalty Kill 4 Players Defense
Defense Defense Time % Phy DF OF
1 Shea Weber Jake Gardiner 60 1 2 2
2 Cam Barker Tobias Enstrom 40 1 2 2
Penalty Kill - 3 Players Forward
Forward Time % Phy DF OF
1 Patrice Bergeron 60 1 2 2
2 Connor McDavid 40 1 2 2
Penalty Kill - 3 Players Defense
Defense Defense Time % Phy DF OF
1 Brady Skjei Jake Gardiner 60 1 2 2
2 Cam Barker Tobias Enstrom 40 1 2 2
4 vs 4 Forward
Center Wing Time % Phy DF OF
1 Connor McDavid Evander Kane 60 1 2 2
2 Patrice Bergeron Leon Draisaitl 40 1 2 2
4 vs 4 Defense
Defense Defense Time % Phy DF OF
1 Brady Skjei Jake Gardiner 60 1 2 2
2 Cam Barker Tobias Enstrom 40 1 2 2
Last Minutes Offensive
Center Left Wing Right Wing Defense Defense
Connor McDavid Evander Kane David Pastrnak Brady Skjei Jake Gardiner
Last Minutes Defensive
Center Left Wing Right Wing Defense Defense
Patrice Bergeron Evander Kane Viktor Arvidsson Shea Weber Jake Gardiner
Goaltenders
Starting : James Reimer
Backup : Jonas Hiller
Extra Forwards
Normal : Leon Draisaitl, Ryan Nugent-Hopkins, Viktor Arvidsson - PP : Leon Draisaitl, Ryan Nugent-Hopkins - PK : Leon Draisaitl
Extra Defensemen
Normal : Tobias Enstrom, Shea Weber, Marcus Pettersson - PP : Tobias Enstrom - PK : Tobias Enstrom, Shea Weber
Penalty Shots
Evander Kane, Connor McDavid, David Pastrnak, Patrice Bergeron, Leon Draisaitl
Scratches
None
Maple Leafs
5 vs 5 Forward
Center Left Wing Right Wing Time % Phy DF OF
1 Brayden Schenn Claude Giroux Andre Burakovsky 40 1 2 2
2 Bo Horvat Chris Tierney Matt Duchene 30 1 2 2
3 Patrice Cormier Tye McGinn Brad Boyes 20 1 2 2
4 Luke Adam Brandon Saad Pontus Aberg 10 1 2 2
5 vs 5 Defense
Defense Defense Time % Phy DF OF
1 Jon Merrill John Klingberg 40 1 2 2
2 Zach Werenski Braydon Coburn 30 1 2 2
3 Haydn Fleury Brayden McNabb 20 1 2 2
4 Jon Merrill John Klingberg 10 1 2 2
PowerPlay Forward
Center Left Wing Right Wing Time % Phy DF OF
1 Brayden Schenn Claude Giroux Matt Duchene 60 1 2 2
2 Bo Horvat Tye McGinn Andre Burakovsky 40 1 2 2
PowerPlay Defense
Defense Defense Time % Phy DF OF
1 Jon Merrill John Klingberg 60 1 2 2
2 Zach Werenski Braydon Coburn 40 1 2 2
Penalty Kill 4 Players Forward
Center Wing Time % Phy DF OF
1 Claude Giroux Matt Duchene 60 1 2 2
2 Brayden Schenn Bo Horvat 40 1 2 2
Penalty Kill 4 Players Defense
Defense Defense Time % Phy DF OF
1 Jon Merrill John Klingberg 60 1 2 2
2 Zach Werenski Braydon Coburn 40 1 2 2
Penalty Kill - 3 Players Forward
Forward Time % Phy DF OF
1 Claude Giroux 60 1 2 2
2 Matt Duchene 40 1 2 2
Penalty Kill - 3 Players Defense
Defense Defense Time % Phy DF OF
1 Jon Merrill John Klingberg 60 1 2 2
2 Zach Werenski Braydon Coburn 40 1 2 2
4 vs 4 Forward
Center Wing Time % Phy DF OF
1 Claude Giroux Matt Duchene 60 1 2 2
2 Brayden Schenn Bo Horvat 40 1 2 2
4 vs 4 Defense
Defense Defense Time % Phy DF OF
1 Jon Merrill John Klingberg 60 1 2 2
2 Zach Werenski Braydon Coburn 40 1 2 2
Last Minutes Offensive
Center Left Wing Right Wing Defense Defense
Brayden Schenn Claude Giroux Matt Duchene Jon Merrill John Klingberg
Last Minutes Defensive
Center Left Wing Right Wing Defense Defense
Brayden Schenn Claude Giroux Matt Duchene Jon Merrill John Klingberg
Goaltenders
Starting : Kristers Gudlevskis
Backup : Martin Jones
Extra Forwards
Normal : Chris Tierney, Brandon Saad, Brad Boyes - PP : Chris Tierney, Brandon Saad - PK : Brad Boyes
Extra Defensemen
Normal : Haydn Fleury, Brayden McNabb, Zach Werenski - PP : Haydn Fleury - PK : Brayden McNabb, Zach Werenski
Penalty Shots
Claude Giroux, Matt Duchene, Brayden Schenn, Bo Horvat, Tye McGinn
Scratches
Neal Pionk (Healthy)
% Time on Ice - Oilers
Lines # - Real PCT - Wanted PCT - Time Play
Normal Forward
1 - 35% - 40% - 16:13
2 - 30% - 30% - 13:47
3 - 20% - 20% - 9:07
4 - 15% - 10% - 7:05
Normal Defense
1 - 43% - 40% - 20:03
2 - 33% - 30% - 15:12
3 - 18% - 20% - 8:22
4 - 6% - 10% - 2:35
PP Forward
1 - 59% - 60% - 3:12
2 - 41% - 40% - 2:13
PP Defense
1 - 56% - 60% - 3:01
2 - 44% - 40% - 2:24
PK Forward
1 - 76% - 60% - 3:41
2 - 24% - 40% - 1:11
PK Defense
1 - 61% - 60% - 2:57
2 - 39% - 40% - 1:55
PK3 Forward
1 - 76% - 60% - 2:41
2 - 24% - 40% - 0:50
PK3 Defense
1 - 52% - 60% - 1:49
2 - 48% - 40% - 1:42
44 Forward
1 - 0% - 60%
2 - 0% - 40%
44 Defense
1 - 0% - 60%
2 - 0% - 40%
Last Minute Offensive - 0:00
Last Minute Defensive - 0:00
Total
Forward - 60:00
Defense - 60:00
|
% Time on Ice - Maple Leafs
Lines # - Real PCT - Wanted PCT - Time Play
Normal Forward
1 - 34% - 40% - 15:34
2 - 27% - 30% - 12:21
3 - 23% - 20% - 10:44
4 - 16% - 10% - 7:33
Normal Defense
1 - 37% - 40% - 17:08
2 - 36% - 30% - 16:34
3 - 23% - 20% - 10:36
4 - 4% - 10% - 1:54
PP Forward
1 - 58% - 60% - 4:51
2 - 42% - 40% - 3:32
PP Defense
1 - 64% - 60% - 5:22
2 - 36% - 40% - 3:01
PK Forward
1 - 74% - 60% - 4:01
2 - 26% - 40% - 1:24
PK Defense
1 - 62% - 60% - 3:20
2 - 38% - 40% - 2:05
PK3 Forward
1 - 0% - 60%
2 - 0% - 40%
PK3 Defense
1 - 0% - 60%
2 - 0% - 40%
44 Forward
1 - 0% - 60%
2 - 0% - 40%
44 Defense
1 - 0% - 60%
2 - 0% - 40%
Last Minute Offensive - 0:00
Last Minute Defensive - 0:00
Total
Forward - 60:00
Defense - 60:00
|
Play-by-Play
1st period
0:01 of 1st period - Brayden Schenn wins face-off versus Ryan Nugent-Hopkins in neutral zone.
0:42 of 1st period - Slapshot by David Pastrnak.
0:42 of 1st period - Shot Blocked by Jon Merrill.
0:44 of 1st period - Slapshot by Cam Barker.
0:44 of 1st period - Stopped by Kristers Gudlevskis with a rebound.
1:16 of 1st period - Pontus Aberg is hit by Ryan Getzlaf and loses puck.
1:21 of 1st period - Wrist shot by Ryan Getzlaf.
1:21 of 1st period - Shot Blocked by Braydon Coburn.
1:37 of 1st period - Leon Draisaitl is hit by Braydon Coburn and loses puck.
2:00 of 1st period - Chris Tierney is hit by Cam Barker and loses puck.
2:23 of 1st period - Slapshot by Mark Stone.
2:23 of 1st period - Goal by Mark Stone - Oilers : 1 - Maple Leafs : 0.
2:24 of 1st period - Ryan Nugent-Hopkins wins face-off versus Brayden Schenn in neutral zone.
2:27 of 1st period - Snap shot by Viktor Arvidsson.
2:27 of 1st period - Stopped by Kristers Gudlevskis without a rebound.
2:28 of 1st period - Brayden Schenn wins face-off versus Ryan Nugent-Hopkins in Maple Leafs zone.
2:28 of 1st period - Brayden Schenn is hit by Ryan Nugent-Hopkins.
3:42 of 1st period - Snap shot by Brandon Saad.
3:42 of 1st period - Stopped by James Reimer with a rebound.
3:44 of 1st period - Wrist shot by Luke Adam.
3:44 of 1st period - Stopped by James Reimer with a rebound.
4:23 of 1st period - Chris Tierney is hit by Evander Kane and loses puck.
4:30 of 1st period - Slapshot by Jon Merrill.
4:30 of 1st period - Stopped by James Reimer without a rebound.
4:31 of 1st period - Patrice Bergeron wins face-off versus Patrice Cormier in Oilers zone.
5:19 of 1st period - Evander Kane is hit by Jon Merrill and loses puck.
5:26 of 1st period - Slapshot by Luke Adam.
5:26 of 1st period - Stopped by James Reimer without a rebound.
5:27 of 1st period - Brayden Schenn wins face-off versus Evander Kane in Oilers zone.
5:50 of 1st period - Minor Penalty to Tobias Enstrom for High sticking.
5:51 of 1st period - Brayden Schenn wins face-off versus Patrice Bergeron in Oilers zone.
6:14 of 1st period - Minor Penalty to Evander Kane for Hooking.
6:15 of 1st period - Brayden Schenn wins face-off versus Patrice Bergeron in Oilers zone.
6:42 of 1st period - John Klingberg is hit by Jake Gardiner and loses puck.
7:50 of 1st period - Penalty to Tobias Enstrom is over, Tobias Enstrom is back on ice.
8:14 of 1st period - Penalty to Evander Kane is over, Evander Kane is back on ice.
8:30 of 1st period - Snap shot by Leon Draisaitl.
8:30 of 1st period - Shot Blocked by Luke Adam.
8:42 of 1st period - Jon Merrill is hit by Tobias Enstrom and loses puck.
9:36 of 1st period - Slapshot by Jake Gardiner.
9:36 of 1st period - Shot Blocked by Tye McGinn.
10:04 of 1st period - Slapshot by Cam Barker.
10:04 of 1st period - Stopped by Kristers Gudlevskis with a rebound.
10:06 of 1st period - Slapshot by Leon Draisaitl.
10:06 of 1st period - Stopped by Kristers Gudlevskis without a rebound.
10:07 of 1st period - Ryan Nugent-Hopkins wins face-off versus Luke Adam in Maple Leafs zone.
10:08 of 1st period - Wrist shot by Leon Draisaitl.
10:08 of 1st period - Shot Misses the Net.
10:34 of 1st period - Connor McDavid is hit by Braydon Coburn and loses puck.
11:07 of 1st period - Brady Skjei is hit by Matt Duchene and loses puck.
12:17 of 1st period - Slapshot by Zach Hyman.
12:17 of 1st period - Deflect By Chris Tierney.
12:17 of 1st period - Shot Blocked by Matt Duchene.
12:17 of 1st period - Puck is out of play.
12:18 of 1st period - Ryan Getzlaf wins face-off versus Bo Horvat in Maple Leafs zone.
12:45 of 1st period - Backhand shot by Brayden Schenn.
12:45 of 1st period - Shot Misses the Net.
12:47 of 1st period - Slapshot by Andre Burakovsky.
12:47 of 1st period - Stopped by James Reimer with a rebound.
13:35 of 1st period - Icing by Jake Gardiner.
13:36 of 1st period - Ryan Getzlaf wins face-off versus Brayden Schenn in Oilers zone.
13:49 of 1st period - Wrist shot by Claude Giroux.
13:49 of 1st period - Stopped by James Reimer without a rebound.
13:50 of 1st period - Ryan Nugent-Hopkins wins face-off versus Brayden Schenn in Oilers zone.
13:50 of 1st period - Ryan Nugent-Hopkins is hit by Brayden Schenn.
14:04 of 1st period - Wrist shot by Claude Giroux.
14:04 of 1st period - Stopped by James Reimer with a rebound.
14:16 of 1st period - John Klingberg is hit by Brady Skjei and loses puck.
14:41 of 1st period - Slapshot by Jon Merrill.
14:41 of 1st period - Shot Blocked by Tobias Enstrom.
14:43 of 1st period - Slapshot by Jon Merrill.
14:43 of 1st period - Deflect By Brad Boyes.
14:43 of 1st period - Stopped by James Reimer with a rebound.
14:45 of 1st period - Snap shot by John Klingberg.
14:45 of 1st period - Stopped by James Reimer without a rebound.
14:46 of 1st period - Ryan Nugent-Hopkins wins face-off versus Brayden Schenn in Oilers zone.
14:58 of 1st period - Wrist shot by Ryan Nugent-Hopkins.
14:58 of 1st period - Stopped by Kristers Gudlevskis with a rebound.
15:29 of 1st period - Minor Penalty to Braydon Coburn for Hooking.
15:30 of 1st period - Claude Giroux wins face-off versus Connor McDavid in Maple Leafs zone.
15:46 of 1st period - Slapshot by Brady Skjei.
15:46 of 1st period - Stopped by Kristers Gudlevskis with a rebound.
16:28 of 1st period - Ryan Nugent-Hopkins is hit by Brandon Saad and loses puck.
17:29 of 1st period - Penalty to Braydon Coburn is over, Braydon Coburn is back on ice.
18:07 of 1st period - Anton Slepyshev is hit by Pontus Aberg and loses puck.
18:12 of 1st period - Slapshot by Pontus Aberg.
18:12 of 1st period - Shot Misses the Net.
18:40 of 1st period - Ryan Nugent-Hopkins is hit by Matt Duchene and loses puck.
18:53 of 1st period - Patrice Cormier is hit by Ryan Getzlaf and loses puck.
19:04 of 1st period - Braydon Coburn is hit by Mark Stone and loses puck.
19:29 of 1st period - Braydon Coburn is hit by Ryan Nugent-Hopkins and loses puck.
19:41 of 1st period - Off-side.
19:42 of 1st period - Brayden Schenn wins face-off versus Connor McDavid in neutral zone.
19:59 of 1st period - Andre Burakovsky is hit by Cam Barker and loses puck.
Goals for this period are 1 for Oilers vs 0 for Maple Leafs.
Shots for this period are 7 for Oilers vs 9 for Maple Leafs.
2nd period
0:01 of 2nd period - Brayden Schenn wins face-off versus Viktor Arvidsson in neutral zone.
0:03 of 2nd period - Off-side.
0:04 of 2nd period - Brayden Schenn wins face-off versus Ryan Nugent-Hopkins in neutral zone.
0:38 of 2nd period - Snap shot by David Pastrnak.
0:38 of 2nd period - Shot Misses the Net.
0:48 of 2nd period - Jon Merrill is hit by Connor McDavid and loses puck.
1:49 of 2nd period - Snap shot by Connor McDavid.
1:49 of 2nd period - Stopped by Kristers Gudlevskis with a rebound.
1:51 of 2nd period - Snap shot by Brady Skjei.
1:51 of 2nd period - Deflect By David Pastrnak.
1:51 of 2nd period - Shot Misses the Net.
1:51 of 2nd period - Puck is out of play.
1:52 of 2nd period - Brayden Schenn wins face-off versus Ryan Nugent-Hopkins in Maple Leafs zone.
1:52 of 2nd period - Brayden Schenn is hit by Ryan Nugent-Hopkins.
1:58 of 2nd period - Leon Draisaitl is hit by Andre Burakovsky and loses puck.
2:05 of 2nd period - Wrist shot by Leon Draisaitl.
2:05 of 2nd period - Stopped by Kristers Gudlevskis without a rebound.
2:06 of 2nd period - Brayden Schenn wins face-off versus Ryan Nugent-Hopkins in Maple Leafs zone.
2:33 of 2nd period - Patrice Cormier is hit by Cam Barker and loses puck.
2:56 of 2nd period - Snap shot by Zach Hyman.
2:56 of 2nd period - Stopped by Kristers Gudlevskis without a rebound.
2:57 of 2nd period - Ryan Getzlaf wins face-off versus Brandon Saad in Maple Leafs zone.
3:08 of 2nd period - Slapshot by Zach Werenski.
3:08 of 2nd period - Stopped by James Reimer without a rebound.
3:09 of 2nd period - Ryan Nugent-Hopkins wins face-off versus Brayden Schenn in Oilers zone.
3:20 of 2nd period - Wrist shot by Viktor Arvidsson.
3:20 of 2nd period - Shot Misses the Net.
3:22 of 2nd period - Slapshot by Jake Gardiner.
3:22 of 2nd period - Stopped by Kristers Gudlevskis without a rebound.
3:23 of 2nd period - Brayden Schenn wins face-off versus Ryan Nugent-Hopkins in Maple Leafs zone.
3:40 of 2nd period - Slapshot by Brady Skjei.
3:40 of 2nd period - Stopped by Kristers Gudlevskis with a rebound.
3:50 of 2nd period - Brayden Schenn is hit by Brady Skjei and loses puck.
4:29 of 2nd period - Slapshot by Claude Giroux.
4:29 of 2nd period - Stopped by James Reimer without a rebound.
4:30 of 2nd period - Ryan Nugent-Hopkins wins face-off versus Bo Horvat in Oilers zone.
4:47 of 2nd period - Braydon Coburn is hit by Brady Skjei and loses puck.
5:20 of 2nd period - Minor Penalty to James Neal for Tripping.
5:21 of 2nd period - Brayden Schenn wins face-off versus Evander Kane in Oilers zone.
7:20 of 2nd period - Penalty to James Neal is over, James Neal is back on ice.
7:28 of 2nd period - Backhand shot by Brady Skjei.
7:28 of 2nd period - Stopped by Kristers Gudlevskis with a rebound.
7:55 of 2nd period - Viktor Arvidsson is hit by Brad Boyes and loses puck.
8:08 of 2nd period - Tobias Enstrom is hit by Brayden McNabb and loses puck.
9:11 of 2nd period - Evander Kane is hit by Matt Duchene and loses puck.
10:49 of 2nd period - John Klingberg is hit by Tobias Enstrom and loses puck.
12:25 of 2nd period - Mark Stone is hit by Luke Adam and loses puck.
12:43 of 2nd period - Off-side.
12:44 of 2nd period - Ryan Getzlaf wins face-off versus Bo Horvat in neutral zone.
12:46 of 2nd period - Off-side.
12:47 of 2nd period - Brayden Schenn wins face-off versus Ryan Getzlaf in neutral zone.
12:54 of 2nd period - Backhand shot by Andre Burakovsky.
12:54 of 2nd period - Stopped by James Reimer with a rebound.
13:03 of 2nd period - Minor Penalty to Haydn Fleury for Hooking.
13:04 of 2nd period - Claude Giroux wins face-off versus Connor McDavid in Maple Leafs zone.
13:13 of 2nd period - Snap shot by Matt Duchene.
13:13 of 2nd period - Stopped by James Reimer without a rebound.
13:14 of 2nd period - Claude Giroux wins face-off versus Connor McDavid in Oilers zone.
13:17 of 2nd period - Wrist shot by Claude Giroux.
13:17 of 2nd period - Stopped by James Reimer without a rebound.
13:18 of 2nd period - Connor McDavid wins face-off versus Claude Giroux in Oilers zone.
13:31 of 2nd period - Wrist shot by David Pastrnak.
13:31 of 2nd period - Shot Blocked by Jon Merrill.
13:33 of 2nd period - Slapshot by Connor McDavid.
13:33 of 2nd period - Stopped by Kristers Gudlevskis without a rebound.
13:34 of 2nd period - Connor McDavid wins face-off versus Claude Giroux in Maple Leafs zone.
13:59 of 2nd period - Viktor Arvidsson is hit by Claude Giroux and loses puck.
15:03 of 2nd period - Penalty to Haydn Fleury is over, Haydn Fleury is back on ice.
15:16 of 2nd period - Brad Boyes is hit by Mark Stone and loses puck.
15:48 of 2nd period - Brandon Saad is hit by James Neal and loses puck.
15:56 of 2nd period - Icing by Braydon Coburn.
15:57 of 2nd period - Brayden Schenn wins face-off versus Ryan Nugent-Hopkins in Maple Leafs zone.
16:10 of 2nd period - Backhand shot by Brayden Schenn.
16:10 of 2nd period - Shot Blocked by Viktor Arvidsson.
16:12 of 2nd period - Slapshot by Zach Werenski.
16:12 of 2nd period - Shot Blocked by Jake Gardiner.
16:22 of 2nd period - Chris Tierney is hit by Brady Skjei and loses puck.
16:33 of 2nd period - Backhand shot by Connor McDavid.
16:33 of 2nd period - Stopped by Kristers Gudlevskis without a rebound.
16:34 of 2nd period - Brayden Schenn wins face-off versus Ryan Nugent-Hopkins in Maple Leafs zone.
16:45 of 2nd period - Slapshot by Tobias Enstrom.
16:45 of 2nd period - Shot Misses the Net.
16:51 of 2nd period - Cam Barker is hit by Zach Werenski and loses puck.
17:24 of 2nd period - Wrist shot by Zach Werenski.
17:24 of 2nd period - Stopped by James Reimer with a rebound.
17:26 of 2nd period - Slapshot by Zach Werenski.
17:26 of 2nd period - Shot Blocked by Mark Stone.
17:28 of 2nd period - Slapshot by Tye McGinn.
17:28 of 2nd period - Shot Blocked by Mark Stone.
17:30 of 2nd period - Snap shot by Brad Boyes.
17:30 of 2nd period - Goal by Brad Boyes - Oilers : 1 - Maple Leafs : 1.
17:31 of 2nd period - Brayden Schenn wins face-off versus Ryan Nugent-Hopkins in neutral zone.
17:31 of 2nd period - Claude Giroux is hit by Ryan Nugent-Hopkins and loses puck.
17:46 of 2nd period - Wrist shot by Claude Giroux.
17:46 of 2nd period - Deflect By Andre Burakovsky.
17:46 of 2nd period - Stopped by James Reimer without a rebound.
17:47 of 2nd period - Bo Horvat wins face-off versus Connor McDavid in Oilers zone.
17:54 of 2nd period - Snap shot by Matt Duchene.
17:54 of 2nd period - Shot Blocked by Brady Skjei.
17:58 of 2nd period - Wrist shot by Matt Duchene.
17:58 of 2nd period - Shot Misses the Net.
18:03 of 2nd period - Minor Penalty to David Pastrnak for Hooking.
18:04 of 2nd period - Patrice Bergeron wins face-off versus Brayden Schenn in Oilers zone.
18:06 of 2nd period - Minor Penalty to Shea Weber for Interference.
18:07 of 2nd period - Brayden Schenn wins face-off versus Patrice Bergeron in Oilers zone.
18:19 of 2nd period - Slapshot by Matt Duchene.
18:19 of 2nd period - Deflect By Patrice Bergeron.
18:19 of 2nd period - Shot Blocked by Jake Gardiner.
18:19 of 2nd period - Puck is out of play.
18:20 of 2nd period - Patrice Bergeron wins face-off versus Brayden Schenn in Oilers zone.
19:23 of 2nd period - Connor McDavid is hit by Zach Werenski and loses puck.
Goals for this period are 0 for Oilers vs 1 for Maple Leafs.
Shots for this period are 8 for Oilers vs 8 for Maple Leafs.
3rd period
0:01 of 3rd period - Brayden Schenn wins face-off versus Patrice Bergeron in neutral zone.
0:03 of 3rd period - Penalty to David Pastrnak is over, David Pastrnak is back on ice.
0:06 of 3rd period - Penalty to Shea Weber is over, Shea Weber is back on ice.
0:16 of 3rd period - Snap shot by Matt Duchene.
0:16 of 3rd period - Goal by Matt Duchene - Oilers : 1 - Maple Leafs : 2.
0:17 of 3rd period - Claude Giroux wins face-off versus Ryan Nugent-Hopkins in neutral zone.
0:26 of 3rd period - Snap shot by Claude Giroux.
0:26 of 3rd period - Stopped by James Reimer without a rebound.
0:27 of 3rd period - Ryan Nugent-Hopkins wins face-off versus Brayden Schenn in Oilers zone.
0:27 of 3rd period - Ryan Nugent-Hopkins is hit by Brayden Schenn.
0:51 of 3rd period - Snap shot by Andre Burakovsky.
0:51 of 3rd period - Shot Misses the Net.
0:53 of 3rd period - Slapshot by Jon Merrill.
0:53 of 3rd period - Stopped by James Reimer with a rebound.
0:55 of 3rd period - Slapshot by Jon Merrill.
0:55 of 3rd period - Deflect By Brayden Schenn.
0:55 of 3rd period - Shot Blocked by Brady Skjei.
0:55 of 3rd period - Puck is out of play.
0:56 of 3rd period - Bo Horvat wins face-off versus Connor McDavid in Oilers zone.
0:57 of 3rd period - Snap shot by Matt Duchene.
0:57 of 3rd period - Stopped by James Reimer with a rebound.
1:47 of 3rd period - Jon Merrill is hit by Brady Skjei and loses puck.
2:33 of 3rd period - Slapshot by Matt Duchene.
2:33 of 3rd period - Deflect By Chris Tierney.
2:33 of 3rd period - Shot Blocked by David Pastrnak.
2:33 of 3rd period - Puck is out of play.
2:34 of 3rd period - Bo Horvat wins face-off versus Ryan Nugent-Hopkins in Oilers zone.
2:43 of 3rd period - Snap shot by Viktor Arvidsson.
2:43 of 3rd period - Stopped by Kristers Gudlevskis without a rebound.
2:44 of 3rd period - Brayden Schenn wins face-off versus Ryan Nugent-Hopkins in Maple Leafs zone.
2:59 of 3rd period - Snap shot by Andre Burakovsky.
2:59 of 3rd period - Stopped by James Reimer with a rebound.
3:13 of 3rd period - Wrist shot by Leon Draisaitl.
3:13 of 3rd period - Deflect By Ryan Nugent-Hopkins.
3:13 of 3rd period - Shot Misses the Net.
3:13 of 3rd period - Puck is out of play.
3:14 of 3rd period - Brayden Schenn wins face-off versus Evander Kane in Maple Leafs zone.
3:14 of 3rd period - Brayden Schenn is hit by Connor McDavid.
4:23 of 3rd period - Brandon Saad is hit by Zach Hyman and loses puck.
5:07 of 3rd period - Snap shot by Patrice Bergeron.
5:07 of 3rd period - Shot Misses the Net.
5:10 of 3rd period - Icing by Jon Merrill.
5:11 of 3rd period - Ryan Nugent-Hopkins wins face-off versus Bo Horvat in Maple Leafs zone.
5:16 of 3rd period - Wrist shot by Viktor Arvidsson.
5:16 of 3rd period - Shot Hit the Post.
5:18 of 3rd period - Wrist shot by Jake Gardiner.
5:18 of 3rd period - Shot Misses the Net.
6:04 of 3rd period - Jon Merrill is hit by Patrice Bergeron and loses puck.
6:09 of 3rd period - Snap shot by Patrice Bergeron.
6:09 of 3rd period - Deflect By Mark Stone.
6:09 of 3rd period - Stopped by Kristers Gudlevskis with a rebound.
6:46 of 3rd period - Cam Barker is hit by Brayden McNabb and loses puck.
6:56 of 3rd period - Icing by Cam Barker.
6:57 of 3rd period - David Pastrnak wins face-off versus Brayden Schenn in Oilers zone.
7:12 of 3rd period - Snap shot by David Pastrnak.
7:12 of 3rd period - Shot Misses the Net.
7:14 of 3rd period - Wrist shot by Connor McDavid.
7:14 of 3rd period - Goal by Connor McDavid - Oilers : 2 - Maple Leafs : 2.
7:15 of 3rd period - Ryan Nugent-Hopkins wins face-off versus Brayden Schenn in neutral zone.
7:41 of 3rd period - John Klingberg is hit by Connor McDavid and loses puck.
8:06 of 3rd period - Tye McGinn is hit by Shea Weber and loses puck.
8:23 of 3rd period - Slapshot by Andre Burakovsky.
8:23 of 3rd period - Shot Misses the Net.
8:25 of 3rd period - Wrist shot by Claude Giroux.
8:25 of 3rd period - Stopped by James Reimer without a rebound.
8:26 of 3rd period - Brayden Schenn wins face-off versus Ryan Nugent-Hopkins in Oilers zone.
8:27 of 3rd period - Snap shot by Claude Giroux.
8:27 of 3rd period - Shot Misses the Net.
9:20 of 3rd period - Wrist shot by Marcus Pettersson.
9:20 of 3rd period - Shot Misses the Net.
9:26 of 3rd period - Mark Stone is hit by Brad Boyes and loses puck.
9:45 of 3rd period - Slapshot by Luke Adam.
9:45 of 3rd period - Stopped by James Reimer with a rebound.
9:47 of 3rd period - Slapshot by Zach Werenski.
9:47 of 3rd period - Deflect By Brandon Saad.
9:47 of 3rd period - Stopped by James Reimer with a rebound.
10:20 of 3rd period - Slapshot by Zach Werenski.
10:20 of 3rd period - Shot Blocked by Jake Gardiner.
10:26 of 3rd period - Wrist shot by Matt Duchene.
10:26 of 3rd period - Shot Blocked by Jake Gardiner.
10:45 of 3rd period - Snap shot by Leon Draisaitl.
10:45 of 3rd period - Stopped by Kristers Gudlevskis without a rebound.
10:46 of 3rd period - David Pastrnak wins face-off versus Brayden Schenn in Maple Leafs zone.
11:13 of 3rd period - Cam Barker is hit by Matt Duchene and loses puck.
11:22 of 3rd period - Snap shot by Bo Horvat.
11:22 of 3rd period - Goal by Bo Horvat - Oilers : 2 - Maple Leafs : 3.
11:23 of 3rd period - Brayden Schenn wins face-off versus Connor McDavid in neutral zone.
11:32 of 3rd period - Wrist shot by Brayden Schenn.
11:32 of 3rd period - Stopped by James Reimer with a rebound.
11:34 of 3rd period - Slapshot by John Klingberg.
11:34 of 3rd period - Shot Blocked by David Pastrnak.
11:40 of 3rd period - Snap shot by Andre Burakovsky.
11:40 of 3rd period - Shot Misses the Net.
11:46 of 3rd period - Minor Penalty to David Pastrnak for High sticking.
11:47 of 3rd period - Brayden Schenn wins face-off versus Patrice Bergeron in Oilers zone.
11:48 of 3rd period - Snap shot by Matt Duchene.
11:48 of 3rd period - Stopped by James Reimer with a rebound.
11:56 of 3rd period - Wrist shot by Evander Kane.
11:56 of 3rd period - Stopped by Kristers Gudlevskis with a rebound.
11:58 of 3rd period - Slapshot by Patrice Bergeron.
11:58 of 3rd period - Stopped by Kristers Gudlevskis with a rebound.
12:00 of 3rd period - Backhand shot by Jake Gardiner.
12:00 of 3rd period - Shot Blocked by Jon Merrill.
12:14 of 3rd period - Patrice Bergeron is hit by Andre Burakovsky and loses puck.
13:46 of 3rd period - Penalty to David Pastrnak is over, David Pastrnak is back on ice.
13:56 of 3rd period - Cam Barker is hit by Luke Adam and loses puck.
14:01 of 3rd period - Snap shot by Brandon Saad.
14:01 of 3rd period - Shot Blocked by Cam Barker.
15:04 of 3rd period - Off-side.
15:05 of 3rd period - Ryan Nugent-Hopkins wins face-off versus Patrice Cormier in neutral zone.
15:07 of 3rd period - Off-side.
15:08 of 3rd period - Brayden Schenn wins face-off versus Ryan Nugent-Hopkins in neutral zone.
15:10 of 3rd period - Off-side.
15:11 of 3rd period - Brayden Schenn wins face-off versus Patrice Bergeron in neutral zone.
16:00 of 3rd period - Braydon Coburn is hit by Leon Draisaitl.
16:22 of 3rd period - Wrist shot by James Neal.
16:22 of 3rd period - Shot Misses the Net.
16:43 of 3rd period - Slapshot by Brady Skjei.
16:43 of 3rd period - Stopped by Kristers Gudlevskis with a rebound.
16:45 of 3rd period - Slapshot by Brady Skjei.
16:45 of 3rd period - Shot Blocked by Andre Burakovsky.
16:47 of 3rd period - Slapshot by Ryan Getzlaf.
16:47 of 3rd period - Shot Misses the Net.
16:49 of 3rd period - Snap shot by Brady Skjei.
16:49 of 3rd period - Shot Blocked by Andre Burakovsky.
16:51 of 3rd period - Slapshot by Jake Gardiner.
16:51 of 3rd period - Shot Misses the Net.
17:24 of 3rd period - Snap shot by Viktor Arvidsson.
17:24 of 3rd period - Shot Misses the Net.
17:41 of 3rd period - Icing by Ryan Nugent-Hopkins.
17:42 of 3rd period - Brayden Schenn wins face-off versus Ryan Nugent-Hopkins in Oilers zone.
18:11 of 3rd period - Snap shot by Leon Draisaitl.
18:11 of 3rd period - Shot Misses the Net.
18:32 of 3rd period - Minor Penalty to Braydon Coburn for Holding.
18:33 of 3rd period - Claude Giroux wins face-off versus Leon Draisaitl in Maple Leafs zone.
19:20 of 3rd period - Icing by Leon Draisaitl.
19:21 of 3rd period - Ryan Nugent-Hopkins wins face-off versus Claude Giroux in Oilers zone.
19:48 of 3rd period - Brayden McNabb is hit by Ryan Nugent-Hopkins and loses puck.
Goals for this period are 1 for Oilers vs 2 for Maple Leafs.
Shots for this period are 7 for Oilers vs 11 for Maple Leafs.